 Dungeon Crawl Stone Soup version 0.30.0-5-g1a98f26d00 (webtiles) character file.

Game seed: 18181281076274880699

10430 NinjaNoafa the Grand Scion (level 11, 0/135 HPs)
             Began as a Hill Orc Fighter on May 8, 2023.
             Was a High Priest of Hepliaklqana.
             Slain by a yak (8 damage)
             ... on level 1 of the Lair of Beasts.
             The game lasted 00:19:05 (8455 turns).

NinjaNoafa the Grand Scion (Hill Orc Fighter)       Turns: 8455, Time: 00:19:06

Health: 0/135      AC: 17    Str: 22    XL:     11   Next: 62%
Magic:  20/20      EV:  6    Int:  8    God:    Hepliaklqana [*****.]
Gold:   520        SH:  5    Dex: 12    Spells: 10/10 levels left

rFire   + . .        a - +4 war axe
rCold   . . .        A - +0 buckler
rNeg    . . .        y - +0 plate armour
rPois   .            O - +0 helmet
rElec   .            J - +0 cloak
rCorr   +            (no gloves)
SInv    .            b - +0 pair of boots of Marbles {+Blink Will++ rCorr}
Will    ++...        N - amulet of faith Stlth
                     k - ring of flight
HPRegen 0.42/turn    s - ring of protection from fire
MPRegen 0.17/turn

%: faith
@: berserking, silenced, attractive, flying, very quick
A: reduced essence
a: Renounce Religion, Evoke Blink


You were on level 1 of the Lair of Beasts.
You worshipped Hepliaklqana.
Hepliaklqana was extremely pleased with you.
You visited 3 branches of the dungeon, and saw 12 of its levels.

You collected 520 gold pieces.

Inventory:

Hand Weapons
 a - a +4 war axe (weapon)
Missiles
 h - a boomerang
 C - 29 poisoned darts
 H - 6 javelins (quivered)
Armour
 b - the +0 pair of boots of Marbles (worn) {+Blink Will++ rCorr}
   (You acquired it on level 10 of the Dungeon)

   +Blink:    It lets you blink.
   rCorr:     It protects you from acid and corrosion.
   Will:      It greatly increases your willpower.
 y - a +0 plate armour (worn)
 A - a +0 buckler (worn)
 J - a +0 cloak (worn)
 O - a +0 helmet (worn)
Jewellery
 c - the ring of Buow {Fly rPois rC+ Will+ Slay-6}
   (You found it on level 5 of the Dungeon)

   [ring of flight]

   Slay:      It affects your accuracy & damage with ranged weapons and melee
   (-6).
   rC:        It protects you from cold.
   rPois:     It protects you from poison.
   Fly:       It grants you flight.
   Will:      It increases your willpower.
 k - a ring of flight (left hand)
 s - a ring of protection from fire (right hand)
 E - a ring of ice
 N - an amulet of faith (around neck)
Wands
 g - a wand of mindburst (8)
 n - a wand of charming (5)
 G - a wand of polymorph (4)
 I - a wand of flame (8)
 L - a wand of acid (14)
Scrolls
 e - 3 scrolls of noise {unknown}
 f - a scroll of summoning {unknown}
 j - a scroll of poison {unknown}
 p - 6 scrolls of teleportation {unknown}
 q - 2 scrolls of amnesia {unknown}
 t - 2 scrolls of vulnerability {unknown}
 u - 2 scrolls of enchant armour {unknown}
 v - a scroll of enchant weapon {unknown}
 w - 3 scrolls of fog
 D - 3 scrolls of blinking {unknown}
 M - a scroll of brand weapon {unknown}
Potions
 d - 2 potions of might
 i - 2 potions of flight
 l - 4 potions of brilliance
 m - 3 potions of curing
 r - a potion of ambrosia
 x - 2 potions of experience
 z - 2 potions of resistance
 F - a potion of haste {unknown}
 K - a potion of attraction
 P - a potion of lignification {unknown}


   Skills:
 - Level 10.8 Fighting
 - Level 12.3 Axes
 + Level 2.3 Throwing
 - Level 8.0 Armour
 - Level 4.0 Shields
 - Level 12.8 Invocations
 - Level 3.2 Evocations


You had 10 spell levels left.
You didn't know any spells.
Your spell library contained the following spells:

 Spells                   Type           Power      Damage    Failure   Level
 Apportation              Tloc           0%         N/A       100%        1
 Magic Dart               Conj           0%         1d3       100%        1
 Necrotise                Necr           0%         1d4       100%        1
 Summon Small Mammal      Summ           0%         N/A       100%        1
 Blink                    Tloc           0%         N/A       100%        2
 Call Imp                 Summ           0%         N/A       100%        2
 Lesser Beckoning         Tloc           0%         N/A       100%        2
 Momentum Strike          Conj/Tloc      0%         3d8       100%        2
 Poisonous Vapours        Pois/Air       0%         N/A       100%        2
 Call Canine Familiar     Summ           0%         N/A       100%        3
 Hailstorm                Conj/Ice       0%         3d3       100%        3
 Mephitic Cloud           Conj/Pois/Air  0%         N/A       100%        3
 Ozocubu's Armour         Ice            0%         N/A       100%        3
 Spider Form              Tmut/Pois      0%         N/A       100%        3
 Summon Guardian Golem    Hex/Summ       0%         N/A       100%        3
 Vhi's Electric Charge    Tloc/Air       0%         N/A       100%        3
 Volatile Blastmotes      Fire/Tloc      0%         2d10      100%        3
 Fulminant Prism          Conj/Hex       0%         3d5       100%        4
 Iskenderun's Mystic Bla  Conj/Tloc      0%         2d3       100%        4
 Petrify                  Tmut/Erth      0%         N/A       100%        4
 Arcjolt                  Conj/Air       0%         1d10      100%        5
 Lee's Rapid Deconstruct  Erth           0%         3d4*      100%        5
 Metabolic Englaciation   Hex/Ice        0%         N/A       100%        5
 Plasma Beam              Fire/Air       0%         2x1d11    100%        6
 Simulacrum               Ice/Necr       0%         N/A       100%        6
 Malign Gateway           Summ/Tloc      0%         N/A       100%        7


Dungeon Overview and Level Annotations

Branches:
Dungeon (10/15) Zot: 26548  Temple (1/1) D:7 Zot: 5962    Lair (1/5) D:8 Zot: 5980
    Orc (0/2) D:9

Altars:
Ashenzari
Cheibriados
Dithmenos
Elyvilon
Fedhas
Gozag
Hepliaklqana
Kikubaaqudgha
Makhleb
Nemelex Xobeh
Okawaru
Qazlal
Ru
Sif Muna
Trog
Uskayaw
Vehumet
Wu Jian
Xom
Yredelemnul
Zin
The Shining One

Portals:
Abyss: D:6

Annotations:
D:6 2 transporters, SpyderV's ghost, novice HOFi


Message History

Mr.
Mason is destroyed!
The bullfrog hits you but does no damage.
Unknown command.
Unknown command.
You barely miss the bullfrog.
The bullfrog is heavily wounded.
You hit the yak but do no damage. You hit the yak. The yak gores you.
* * * LOW HITPOINT WARNING * * *
You block the bullfrog's attack.
Unknown command.
Aiming: Mindburst
Press: ? - help, Shift-Dir - straight line, f - yak
Aim: a yak (chance to affect: 77%)
The yak's mind is blasted!!
The bullfrog hits you but does no damage.
The yak closely misses you. The yak gores you!
* * * LOW HITPOINT WARNING * * *
The yak gores you but does no damage. x2
Unknown command.
Unknown command.
Okay, then.
As you read the scroll labelled SAEM VERGHA, it crumbles to dust.
The scroll dissolves into smoke.
It was a scroll of fog.
The bullfrog closely misses you.
The yak gores you but does no damage. x3
The yak barely misses you.
The bullfrog hits you but does no damage.
As you read the scroll labelled ESCHOIG WUAQ, it crumbles to dust.
A profound silence engulfs you.
It was a scroll of silence.
The bullfrog hits you.
* * * LOW HITPOINT WARNING * * *
The yak gores you but does no damage. You block the yak's attack.
The yak barely misses you. x2
Magic scrolls do not work when you're silenced!
A red film seems to cover your vision as you go berserk!
You feel yourself moving faster!
You feel mighty!
The bullfrog hits you but does no damage.
The yak gores you.
* * * LOW HITPOINT WARNING * * *
The yak gores you!
You die...

..............#
.................
..........(.....#
................#
................#
................#
.....§§§§§......#
.....§YFY§...##..
###§Y@§§...#
###§Y..### ####[#
##


You could see 4 yaks and a bullfrog.

Vanquished Creatures
  Maggie (D:9)
  A kobold demonologist (D:10)
  12 yaks
  A wyvern (D:8)
  A steam dragon (D:7)
  An ice beast (D:7)
  A black bear (D:5)
  3 centaurs
  A phantom (D:7)
  A kobold brigand (D:9)
  3 bullfrogs
  7 wights (D:7)
  2 electric eels (D:10)
  3 howler monkeys
  2 jellies
  2 orc priests
  A gnoll bouda (D:10)
  A hound (D:6)
  A sleepcap (D:5)
  4 orc wizards
  2 gnolls (D:10)
  4 adders
  4 white imps
  A worm (D:2)
  A dart slug (D:5)
  26 orcs
  4 bats (D:2)
  14 endoplasms
  6 giant cockroaches
  8 goblins
  10 hobgoblins
  4 quokkas
  7 ball pythons
  2 frilled lizards
  18 kobolds
  10 rats
170 creatures vanquished.

Vanquished Creatures (collateral kills)
  A two-headed ogre (D:6)
  Erica (D:9)
  Maurice (D:9)
  A kobold demonologist (D:9)
  A rime drake (Lair:1)
  A hornet (D:10)
  2 wyverns
  A basilisk (D:8)
  A steam dragon (D:6)
  8 yaks
  An acid dragon (D:10)
  3 water moccasins
  3 sky beasts
  3 black bears
  2 wolves (Lair:1)
  A centaur (D:10)
  A scorpion (D:7)
  2 bullfrogs (D:7)
  A gnoll sergeant (D:10)
  3 wights
  A killer bee (D:10)
  2 howler monkeys (D:8)
  An orc priest (D:7)
  3 hounds (D:6)
  2 jellies
  2 sleepcaps (D:6)
  3 iguanas
  2 orc wizards
  4 gnolls (D:10)
  3 adders
  An ufetubus (D:6)
  10 orcs
  An endoplasm (D:4)
  2 quokkas
  A ball python (D:4)
  2 kobolds
78 creatures vanquished.

Vanquished Creatures (others)
  An orc wizard (D:5)
  6 battlemagi
7 creatures vanquished.

Grand Total: 255 creatures vanquished

Notes
Turn   | Place    | Note
-------+----------+-------------------------------------------
     0 | D:1      | NinjaNoafa the Hill Orc Fighter began the quest for the
                  | Orb.
     0 | D:1      | Reached XP level 1. HP: 19/19 MP: 1/1
   134 | D:1      | Reached XP level 2. HP: 19/27 MP: 2/2
   456 | D:1      | Reached XP level 3. HP: 33/33 MP: 3/3
  1033 | D:2      | Reached XP level 4. HP: 34/40 MP: 4/4
  1416 | D:3      | Found a hazy altar of Hepliaklqana.
  1562 | D:3      | Became a worshipper of Hepliaklqana the Forgotten
  2070 | D:4      | Reached XP level 5. HP: 16/47 MP: 5/5
  2354 | D:4      | Reached skill level 5 in Fighting
  2404 | D:5      | Entered Level 5 of the Dungeon
  2661 | D:5      | Identified the ring of Buow {Fly rPois rC+ Will+ Slay-6}
  2670 | D:5      | Reached * piety under Hepliaklqana
  2689 | D:5      | Reached XP level 6. HP: 16/50 MP: 6/6
  2915 | D:5      | Noticed a black bear
  2922 | D:5      | Killed a black bear
  2923 | D:5      | Reached skill level 5 in Axes
  2923 | D:5      | Reached skill level 5 in Armour
  3536 | D:4      | Reached ** piety under Hepliaklqana
  3540 | D:4      | Remembered your ancestor Mr. Mason as a battlemage
  3658 | D:5      | Reached XP level 7. HP: 54/55 MP: 7/7
  4535 | D:6      | Got the Secrets of Algor and Grit
  4573 | D:6      | Noticed a two-headed ogre
  4581 | D:6      | Killed a two-headed ogre
  4582 | D:6      | Reached XP level 8. HP: 19/66 MP: 2/8
  4774 | D:6      | Noticed a small abomination
  4791 | D:6      | Found a transporter.
  4795 | D:6      | Found a one-way gate to the infinite horrors of the Abyss.
  4795 | D:6      | Noticed SpyderV's ghost (novice HOFi)
  4825 | D:6      | Found a transporter.
  4895 | D:6      | Reached *** piety under Hepliaklqana
  5168 | D:6      | Reached XP level 9. HP: 69/74 MP: 9/9
  5356 | D:7      | Reached skill level 10 in Axes
  5596 | D:7      | Reached skill level 10 in Fighting
  5693 | D:7      | Identified the +6 quarterstaff of Mesowk {pain, Str+4}
  5751 | D:7      | Found a stormy altar of Qazlal.
  5753 | D:7      | Found a radiant altar of Vehumet.
  5753 | D:7      | Found a sparkling altar of Nemelex Xobeh.
  5755 | D:7      | Found a broken altar of Ashenzari.
  5862 | D:7      | Reached skill level 1 in Invocations
  5871 | D:7      | Found a sacrificial altar of Ru.
  5883 | D:7      | Reached XP level 10. HP: 75/83 MP: 10/12
  5988 | D:7      | Found a staircase to the Ecumenical Temple.
  6031 | Temple   | Entered the Ecumenical Temple
  6128 | D:8      | Reached skill level 5 in Invocations
  6165 | D:8      | Found a staircase to the Lair.
  6351 | D:8      | Found a shadowy altar of Dithmenos.
  6506 | D:8      | Reached skill level 10 in Invocations
  6693 | D:8      | Reached **** piety under Hepliaklqana
  6861 | D:8      | Got the Vellum of Disgusting Convocation
  7243 | D:9      | Reached XP level 11. HP: 86/89 MP: 19/19
  7270 | D:9      | Noticed Maurice
  7281 | D:9      | Killed Maurice
  7307 | D:9      | Found a basalt altar of Yredelemnul.
  7456 | D:9      | Noticed Erica
  7469 | D:9      | Killed Erica
  7470 | D:9      | Reached skill level 1 in Evocations
  7477 | D:9      | Found a glowing silver altar of Zin.
  7596 | D:9      | Found a staircase to the Orcish Mines.
  7702 | D:9      | Noticed Maggie
  7709 | D:9      | Killed Maggie
  7984 | D:10     | Entered Level 10 of the Dungeon
  8062 | D:10     | Identified a scroll of acquirement
  8063 | D:10     | Acquired the +0 pair of boots of Marbles {+Blink Will++
                  | rCorr}
  8152 | D:10     | Reached ***** piety under Hepliaklqana
  8260 | D:10     | Found a shimmering blue altar of Sif Muna.
  8436 | Lair:1   | Entered Level 1 of the Lair of Beasts
  8445 | Lair:1   | Reached skill level 1 in Throwing
  8455 | Lair:1   | Slain by a yak

Illustrated notes

Levels and vault maps discovered:
D:1:      heliophobic_arrival_ceremonial_halls, layout_loops_ring
D:2:      layout_loops_cross, serial_bayou_pond_e, minmay_misc_feat_rows,
          minmay_heptomino_o4
D:3:      layout_loops_cross, lemuel_tele_altar
D:4:      cheibrodos_fertilizer, layout_loops_cross, serial_rivers,
          chequers_serial_rivers_small_3, chequers_serial_rivers_small_b,
          chequers_serial_rivers_marsh, chequers_serial_rivers_micro_d,
          chequers_serial_rivers_room_b, chequers_serial_rivers_small_b,
          minmay_misc_feat_room
D:5:      layout_layer_cave, grunt_ministairs_13
D:6:      minmay_diamond_boxcup, layout_gridville,
          gammafunk_ghost_abyssal_escape
D:7:      layout_basic, chequers_temple_overflow_statue_of_worship,
          hangedman_ru_absence, minmay_temple_entry_nine_rooms
D:8:      layout_gridville, mainiacjoe_overflow_paths, david_lair_generic
D:9:      layout_basic, mainiacjoe_overflow_catwalk, lemuel_doored_altar,
          orc_0_dummy, uniq_maggie, uniq_erica, uniq_maurice
D:10:     cheibrodos_helix_gallery, layout_cross, tgw_sif,
          kennysheep_generic_room_16
Temple:   nicolae_temple_ecumenical_triangle
Lair:1:   layout_cave_pods, grunt_megastairs_2

Skill      XL: |  1  2  3  4  5  6  7  8  9 10 11 |
---------------+----------------------------------+-----
Axes           | 3 4 5 7 9 12 | 12.3
Fighting       | 4 5 7 9 10 | 10.8
Shields        | 4 |  4.0
Armour         | 4 5 7 8 |  8.0
Invocations    | 3 11 12 | 12.8
Evocations     | 3 |  3.2
Throwing       | 2 |  2.3

Action                     |  1- 3 |  4- 6 |  7- 9 | 10-12 || total
---------------------------+-------+-------+-------+-------++-------
  Melee: War axe           |   107 |   170 |   115 |   127 ||   519
 Invoke: Ancestor Identity |       |     1 |       |       ||     1
         Ancestor Life: Ba |       |     1 |       |       ||     1
         Recall Ancestor   |       |       |     1 |     1 ||     2
         Idealise          |       |       |       |     1 ||     1
  Evoke: Wand              |       |       |       |     8 ||     8
    Use: Potion            |     1 |       |     1 |     5 ||     7
         Scroll            |       |       |     6 |     5 ||    11
   Stab: Distracted        |       |     1 |     2 |     2 ||     5
 Armour: Scale mail        |    64 |    33 |       |       ||    97
         Plate armour      |       |    86 |   100 |    94 ||   280
  Dodge: Dodged            |    62 |    69 |    41 |    59 ||   231
  Block: Buckler           |    32 |    56 |    30 |    44 ||   162
